Map: [ESL] Dragon Scales

Players

Elazer

  • Race: Zerg Zerg

herO - Winner!

  • Race: Protoss Protoss

Event: IEM Katowice 2023

VOD

Have the link to the VOD?

Description

Time

  • Played on: Feb. 10, 2023, 1:22 p.m.
  • Length: 11:40

All games in this series

Show
View Real Time Build Order
Export as new Build Order

Elazer Zerg 

Build Orders: Hatch First 

Get SALT Encoding   

  12  0:00  Drone  
  13  0:12  Overlord  
  13  0:16  Drone  
  14  0:30  Drone x2  
  16  0:47  Hatchery  
  15  0:51  Drone  
  15  0:54  Drone  
  17  0:59  Drone  
  18  1:08  Extractor  
  17  1:14  Spawning Pool  
  17  1:18  Drone  
  17  1:22  Drone  
  18  1:29  Drone  
  19  1:39  Drone  
  20  1:49  Overlord  
  20  2:01  Queen x2  
  20  2:02  Zergling x2  
  20  2:03  Drone  
  26  2:12  Drone, Zergling x2  
  28  2:15  Metabolic Boost  
  28  2:21  Drone x2  
  30  2:31  Drone  
  30  2:32  Drone  
  32  2:41  Queen  
  34  2:53  Overlord, Hatchery  
  34  2:56  Drone  
  34  3:03  Drone  
  34  3:10  Spore Crawler  
  34  3:11  Drone x2  
  35  3:13  Spore Crawler  
  35  3:14  Drone x3  
  35  3:18  Queen  
  41  3:21  Queen  
  41  3:26  Overlord  
  43  3:29  Overlord  
  43  3:31  Zergling x2  
  43  3:43  Drone x2  
  43  3:46  Drone x2  
  41  3:49  Drone x4  
  41  3:52  Drone x2  
  41  3:55  Drone  
  48  4:00  Spore Crawler  
  48  4:02  Drone  
  48  4:04  Queen  
  48  4:09  Drone  
  52  4:10  Drone  
  52  4:17  Drone x3  
  55  4:19  Drone  
  56  4:25  Overlord, Drone  
  56  4:27  Drone x3  
  60  4:31  Drone x2  
  60  4:36  Drone x3  
  60  4:39  Drone  
  60  4:40  Drone  
  62  4:46  Drone  
  62  4:50  Drone  
  62  4:51  Drone  
  65  4:55  Extractor  
  65  4:56  Drone x3  
  65  4:59  Roach Warren  
  66  5:00  Zergling x2  
  66  5:02  Zergling x4  
  69  5:12  Lair  
  69  5:13  Extractor  
  67  5:15  Overlord, Zergling x4  
  67  5:19  Drone x4  
  73  5:21  Overlord  
  73  5:22  Overlord  
  73  5:34  Overlord x2  
  73  5:37  Hatchery  
  73  5:39  Drone  
  73  5:40  Drone x5, Roach, Evolution Chamber  
  73  5:41  Drone  
  80  5:44  Extractor  
  79  5:51  Drone x5  
  79  5:53  Drone x3  
  79  5:54  Drone, Hatchery  
  87  5:58  Overlord  
  87  6:01  Drone  
  88  6:04  Overlord  
  88  6:07  Zerg Melee Weapons Level 1  
  85  6:12  Zergling x8  
  85  6:13  Hydralisk Den  
  88  6:20  Zergling x12  
  88  6:24  Zergling x8  
  88  6:25  Hydralisk Den  
  98  6:35  Overlord, Baneling Nest  
  97  6:42  Hatchery  
  97  6:43  Hydralisk x4  
  97  6:44  Muscular Augments  
  104  6:48  Hydralisk x2  
  104  6:53  Hydralisk x2  
  112  6:58  Overlord  
  112  7:04  Drone x9  
  120  7:09  Drone x2  
  122  7:16  Hydralisk x4  
  127  7:23  Overlord  
  127  7:24  Drone x2  
  127  7:26  Infestation Pit  
  127  7:29  Drone x3  
  131  7:31  Drone  
  132  7:39  Overlord  
  132  7:41  Hydralisk  
  132  7:42  Hydralisk x4  
  142  7:46  Overlord  
  142  7:48  Drone x3  
  142  7:50  Drone x2  
  142  7:51  Extractor, Drone, Hydralisk  
  149  7:58  Extractor, Grooved Spines  
  149  7:59  Zergling x8  
  152  8:07  Zergling x14  
  152  8:09  Centrifugal Hooks  
  159  8:13  Zergling x14  
  159  8:18  Overlord x2  
  159  8:19  Zergling x8  
  166  8:22  Zerg Melee Weapons Level 2  
  163  8:32  Zergling x2  
  163  8:33  Zergling x16  
  172  8:37  Baneling x8  
  172  8:39  Zergling x12  
  178  8:46  Baneling x5  
  178  8:47  Baneling, Zergling x2  
  178  8:48  Overlord x4  
  177  8:53  Baneling x4  
  159  9:11  Hydralisk  
  159  9:15  Zergling x40  
  126  9:27  Roach x6  
  126  9:29  Queen x4  
  143  9:40  Baneling x8  
  143  9:46  Overlord x4  
  143  9:48  Hatchery  
  143  9:51  Ravager x4  
  143  10:04  Baneling x18  
  142  10:07  Zergling x24  
  142  10:10  Queen x2  
  142  10:14  Ravager x2  
  155  10:15  Zergling x8  
  153  10:24  Hydralisk x3  
  143  10:31  Hydralisk x2  
  134  10:36  Hydralisk  
  134  10:40  Hydralisk x2  
  113  10:47  Zergling x18  
  110  10:52  Queen x2  
  110  10:54  Queen  
  116  10:58  Hydralisk  
  116  11:02  Hydralisk x2  
  122  11:08  Hydralisk x3  
  128  11:15  Baneling x7  
  128  11:17  Zergling x6  
  126  11:29  Hatchery  
Show
View Real Time Build Order
Export as new Build Order

herO Protoss - Winner!

Build Orders: 1 Gate Expand, Oracle Opening 

Get SALT Encoding   

  12  0:00  Probe  
  13  0:14  Pylon  
  13  0:17  Probe (Chrono Boost)  
  14  0:26  Probe (Chrono Boost)  
  15  0:31  Probe (Chrono Boost)  
  16  0:42  Gateway  
  16  0:43  Probe  
  16  0:47  Assimilator  
  17  0:56  Probe  
  18  1:08  Probe  
  19  1:20  Probe  
  20  1:28  Nexus  
  20  1:35  Cybernetics Core  
  20  1:37  Probe  
  21  1:45  Assimilator  
  21  1:49  Probe  
  21  1:53  Pylon  
  22  2:01  Probe  
  23  2:09  Adept (Chrono Boost)  
  23  2:13  Probe  
  26  2:17  Stargate  
  26  2:25  Probe  
  26  2:26  Warp Gate  
  27  2:32  Adept  
  29  2:40  Probe (Chrono Boost)  
  29  2:42  Probe (Chrono Boost)  
  31  2:49  Probe (Chrono Boost)  
  33  2:52  Probe (Chrono Boost)  
  33  2:54  Probe (Chrono Boost)  
  33  2:57  Oracle (Chrono Boost)  
  34  3:02  Adept  
  39  3:05  Probe  
  39  3:06  Probe  
  41  3:16  Pylon  
  41  3:18  Probe x2  
  43  3:25  Gateway  
  43  3:27  Oracle (Chrono Boost)  
  48  3:34  Probe x2  
  44  3:50  Nexus  
  44  3:51  Probe  
  44  3:52  Pylon  
  45  3:57  Probe (Chrono Boost)  
  45  3:59  Forge  
  46  4:05  Assimilator  
  46  4:06  Assimilator  
  48  4:10  Probe (Chrono Boost)  
  48  4:12  Probe (Chrono Boost)  
  48  4:15  Adept  
  48  4:16  Probe (Chrono Boost)  
  51  4:19  Probe (Chrono Boost), Adept  
  51  4:24  Probe  
  54  4:26  Twilight Council  
  55  4:35  Probe  
  55  4:36  Protoss Ground Weapons Level 1, Probe  
  55  4:37  Robotics Facility  
  57  4:43  Adept  
  57  4:44  Adept  
  61  4:46  Pylon  
  61  4:48  Probe  
  62  5:02  Probe x2 (Chrono Boost)  
  64  5:10  Stalker x2  
  64  5:13  Probe (Chrono Boost)  
  69  5:14  Probe (Chrono Boost)  
  69  5:16  Blink  
  69  5:20  Probe (Chrono Boost)  
  71  5:23  Pylon, Probe x2 (Chrono Boost)  
  71  5:25  Observer  
  71  5:27  Probe x2 (Chrono Boost)  
  75  5:28  Probe  
  75  5:31  Robotics Bay  
  75  5:34  Assimilator  
  77  5:35  Shield Battery  
  77  5:38  Probe  
  77  5:39  Assimilator  
  78  5:44  Probe x2  
  78  5:47  Photon Cannon  
  80  5:50  Probe  
  80  5:51  Warp Prism (Chrono Boost)  
  80  5:52  Robotics Facility  
  83  5:57  Probe  
  83  5:58  Probe  
  83  6:03  Probe  
  86  6:06  Stalker x2  
  86  6:09  Gateway  
  90  6:16  Pylon  
  93  6:24  Pylon, Disruptor (Chrono Boost)  
  93  6:25  Pylon  
  93  6:35  Extended Thermal Lance  
  93  6:37  Gateway  
  93  6:38  Gateway, Probe x3  
  93  6:39  Gateway, Colossus (Chrono Boost), Protoss Ground Weapons Level 2 (Chrono Boost)  
  102  6:54  Colossus (Chrono Boost)  
  108  6:59  Pylon, Probe  
  108  7:06  Gateway  
  108  7:08  Gateway  
  107  7:12  Pylon  
  107  7:13  Pylon  
  107  7:16  Stalker x3  
  119  7:31  Colossus (Chrono Boost)  
  119  7:36  Colossus (Chrono Boost)  
  119  7:42  Stalker x3  
  119  7:43  Probe  
  132  7:50  Stalker x3  
  135  7:54  Pylon  
  135  7:55  Pylon  
  135  8:08  Observer  
  135  8:12  Stalker x2  
  137  8:13  Stalker x3  
  137  8:22  Stalker x3  
  143  8:27  Pylon  
  143  8:39  Stalker x5  
  153  8:45  Stalker x3  
  159  9:03  Stalker x3  
  165  9:16  Colossus (Chrono Boost)  
  136  9:18  Warp Prism (Chrono Boost)  
  124  9:26  Stalker x4  
  124  9:27  Stalker x3  
  124  9:29  Stalker  
  136  9:49  Stalker x4  
  136  9:50  Stalker x3  
  150  9:53  Stalker  
  152  10:15  Stalker x6  
  125  10:30  Stalker  
  125  10:31  Stalker  
  123  10:38  Warp Prism (Chrono Boost)  
  99  10:46  Stalker x6  
  111  10:53  Stalker x2  
  115  11:04  Stalker x2  
  115  11:05  Stalker x2  
  115  11:11  Stalker x2  
  127  11:20  Stalker x2  
  131  11:28  Stalker x4  

Tags
 
Add a new tag
Caveats
  • Supply blocks, unpowered buildings, or Contaminate may cause inaccurate times.
  • Supply counts are checked every 10 seconds.